 Dungeon Crawl Stone Soup version 0.29.1 (webtiles) character file.

Game seed: 18087870190543738

273 LustLizard the Magician (level 6, -4/40 HPs)
             Began as a Djinni Ice Elementalist on Sept 14, 2022.
             Killed from afar by a white imp (9 damage)
             ... with a puff of frost
             ... on level 5 of the Dungeon.
             The game lasted 00:04:17 (2989 turns).

LustLizard the Magician (Djinni Ice Elementalist)   Turns: 2989, Time: 00:04:18

Health: -4/40      AC:  3    Str:  7    XL:     6   Next: 48%
Gold:   109        EV: 16    Int: 19    God:
                   SH:  0    Dex: 13

rFire   + + .      SeeInvis .   n - +2 whip (venom)
rCold   x . .      Faith    .   (no shield)
rNeg    . . .      Spirit   .   a - +0 robe
rPois   ∞          Reflect  .   (no helmet)
rElec   .          Harm     .   (no cloak)
rCorr   .          Rampage  .   g - +0 pair of gloves
Will    .....                   (boots unavailable)
Stlth   ++........              r - amulet of the acrobat
HPRegen 0.13/turn               s - +4 ring of evasion
MPRegen 0.00/turn               (no ring)

@: flying
A: sickness immunity, fire resistance 2, cold vulnerability 1, float, innate
caster, HP casting, extra vitality 1
a: no special abilities


You were on level 5 of the Dungeon.
You visited 1 branch of the dungeon, and saw 5 of its levels.

You collected 109 gold pieces.

Inventory:

Hand Weapons
 c - a +1 dagger of electrocution
 n - a +2 whip of venom (weapon)
Armour
 a - a +0 robe (worn)
 g - a +0 pair of gloves (worn)
 h - a +0 leather armour
Jewellery
 r - an amulet of the acrobat (around neck)
 s - a +4 ring of evasion (left hand)
Scrolls
 b - 2 scrolls of blinking {unknown}
 d - 2 scrolls of enchant weapon {unknown}
 e - a scroll of immolation {unknown}
 f - a scroll of vulnerability {unknown}
 l - a scroll of enchant armour {unknown}
 m - a scroll of poison {unknown}
 o - a scroll of silence {unknown}
 q - a scroll of amnesia
Potions
 i - a potion of brilliance
 j - 3 potions of flight
 k - a potion of might
 p - a potion of degeneration


   Skills:
 - Level 2.1 Dodging
 - Level 4.0 Stealth
 * Level 4.7 Spellcasting


You couldn't memorise any spells.
You knew the following spells:

 Your Spells              Type           Power      Damage    Failure   Level
a - Freeze                Ice            88%        1d10      1%          1
b - Frozen Ramparts       Ice            44%        1d7       5%          3
c - Ozocubu's Armour      Ice            22%        N/A       5%          3
d - Hailstorm             Conj/Ice       22%        3d7       19%         4
e - Necrotise             Necr           88%        1d8       1%          1
f - Ensorcelled Hibernat  Hex/Ice        44%        N/A       2%          2
Your spell library was empty.

Dungeon Overview and Level Annotations

Branches:
Dungeon (6/15)
 Temple: D:4-7

Altars:
Elyvilon
The Shining One


Innate Abilities, Weirdness & Mutations

You are immune to sickness and miasma.
You are immune to poison.
Your flesh is very heat resistant. (rF++)
You are vulnerable to cold. (rC-)
You float through the air rather than walking.
You learn spells naturally, not from books.
Your magical power is your life essence.
You have superior vitality. (+4 MHP)


Message History

You closely miss the ufetubus.
The ufetubus is almost dead.
You kill the ufetubus!
No target in view!
A white imp comes into view.
No target in view!
No target in view!
A white imp is nearby!
You barely miss the white imp.
The white imp shouts, "Return whence thou came, thou villainous fool-born bloater!"
The white imp hits you but does no damage.
You hit the white imp.
The white imp is lightly wounded.
The white imp gestures at you. The puff of frost hits you!
You feel a terrible chill!
You are too injured to fight recklessly!
You are too injured to fight recklessly!
You are too injured to fight recklessly!
You are too injured to fight recklessly!
You barely miss the white imp.
The white imp is lightly wounded.
The white imp hits you but does no damage.
You closely miss the white imp.
The white imp is lightly wounded.
The white imp gestures at you. The puff of frost hits you!
You feel a terrible chill!
* * * LOW HITPOINT WARNING * * *
You hit the white imp.
The white imp is poisoned.
The white imp is heavily wounded.
The white imp hits you.
* * * LOW HITPOINT WARNING * * *
The white imp freezes you.
You feel a terrible chill!
* * * LOW HITPOINT WARNING * * *
You hit the white imp.
The white imp is heavily wounded.
The white imp gestures at you. The puff of frost misses you.
The white imp gestures at you. The puff of frost hits you!
You feel a terrible chill!
You die...

#..#..# #..#..#
#..#..# #..#..###.#
#.........#
##.#..##### ###
#.#..# ..# ##.#..#
#.# ##...@.# #.#
####.#.#5.# #.#
#.........#
..#######.##.#.#..#
..........###...#.#
########### ##.##.#
# #.# .# # #.# .# #


You could see a white imp (very poisoned).

Vanquished Creatures
  A scorpion (D:5)
  A howler monkey (D:6)
  A jelly (D:6)
  An iguana (D:5)
  6 adders
  2 ufetubi (D:5)
  2 dart slugs
  7 ball pythons
  7 endoplasms
  3 giant cockroaches
  2 goblins
  6 hobgoblins
  4 kobolds
  5 bats (D:1)
  3 frilled lizards
  2 rats (D:3)
53 creatures vanquished.

Vanquished Creatures (others)
  A kobold (D:6)
1 creature vanquished.

Grand Total: 54 creatures vanquished

Notes
Turn   | Place    | Note
-------+----------+-------------------------------------------
     0 | D:1      | LustLizard the Djinni Ice Elementalist began the quest for
                  | the Orb.
     0 | D:1      | LustLizard set off with the following spells memorised:
                  | Freeze, Frozen Ramparts, Ozocubu's Armour, Hailstorm.
     0 | D:1      | Reached XP level 1. HP: 15/15 MP: 0/0
   105 | D:1      | Reached XP level 2. HP: 14/21 MP: 0/0
   602 | D:1      | Reached XP level 3. HP: 23/25 MP: 0/0
   602 | D:1      | Learned a level 1 spell: Necrotise
   666 | D:1      | Found a faded altar of an unknown god.
  1242 | D:2      | Reached XP level 4. HP: 21/31 MP: 0/0
  1769 | D:2      | Reached XP level 5. HP: 30/35 MP: 0/0
  1769 | D:2      | Learned a level 2 spell: Ensorcelled Hibernation
  2287 | D:3      | Found a white marble altar of Elyvilon.
  2289 | D:3      | Found a glowing golden altar of the Shining One.
  2315 | D:3      | You are sucked into a shaft and drop 3 floors!
  2376 | D:5      | Entered Level 5 of the Dungeon
  2605 | D:5      | Noticed an ogre
  2637 | D:5      | Reached XP level 6. HP: 29/40 MP: 0/0
  2989 | D:5      | Killed from afar by a white imp

Illustrated notes

Levels and vault maps discovered:
D:1:      amcnicky_arrival_abandoned_market, layout_loops_ring,
          hellmonk_ecumenical_altar_pennies_from_heaven, grunt_decor_fettered,
          minmay_cut_off
D:2:      layout_basic
D:3:      layout_basic, mainiacjoe_overflow_surrounded_room,
          grunt_temple_overflow_open, dk_noncrumbling_3,
          minmay_goblin_kobold_house
D:5:      layout_loops_ring, abandoned_shop
D:6:      layout_rooms, temple_pool_b, lemuel_flame_loot_1, uniq_maggie,
          uniq_blork_the_orc, uniq_crazy_yiuf_cottage

Skill      XL: |  1  2  3  4  5 |
---------------+----------------+-----
Stealth        | 2 3 4 |  4.0
Spellcasting   | 4 |  4.7
Dodging        | |  2.1

Action                   |  1- 3 |  4- 6 || total
-------------------------+-------+-------++-------
Melee: Dagger            |    39 |       ||    39
       Whip              |    18 |    75 ||    93
       Punch             |       |     1 ||     1
 Cast: Freeze            |    12 |    14 ||    26
       Ozocubu's Armour  |       |     2 ||     2
       Frozen Ramparts   |       |     2 ||     2
  Use: Scroll            |     3 |     2 ||     5
 Stab: Sleeping          |     5 |     2 ||     7
Armor: Robe              |    15 |    23 ||    38
Dodge: Dodged            |    50 |    54 ||   104
